Map: Terraform LE (Void)

Players

超級猛男

  • Race: Zerg Zerg
  • League: Silver

Javert - Winner!

  • Race: Zerg Zerg
  • League: Platinum

VOD

Have the link to the VOD?

Description

Time

  • Played on: Aug. 13, 2015, 8:13 p.m.
  • Length: 22:26
Show
View Real Time Build Order
Export as new Build Order

超級猛男 Zerg 

Build Orders: Hatch First 

Get SALT Encoding   

  12  0:01  Drone  
  13  0:13  Overlord  
  13  0:19  Drone  
  14  0:31  Drone x2  
  16  0:38  Drone  
  17  0:46  Drone  
  18  0:58  Drone  
  18  0:59  Hatchery  
  18  1:02  Extractor  
  17  1:08  Drone  
  18  1:18  Spawning Pool  
  18  1:21  Drone  
  18  1:29  Drone  
  19  1:39  Drone  
  20  1:50  Overlord  
  21  2:01  Drone  
  21  2:11  Drone  
  21  2:12  Drone, Queen x2  
  27  2:22  Drone  
  28  2:23  Metabolic Boost  
  28  2:24  Drone  
  29  2:30  Roach Warren  
  29  2:36  Zergling x2  
  29  2:42  Drone  
  29  2:43  Drone  
  31  2:47  Drone  
  32  2:54  Drone  
  33  3:06  Queen  
  33  3:11  Spine Crawler  
  34  3:12  Spine Crawler  
  34  3:13  Roach  
  34  3:14  Overlord  
  34  3:15  Overlord  
  34  3:25  Spine Crawler  
  34  3:26  Roach  
  34  3:27  Spine Crawler  
  34  3:33  Roach x3  
  40  3:42  Zergling x2  
  40  3:43  Zergling x8  
  37  4:09  Spore Crawler  
  36  4:11  Spore Crawler  
  32  4:21  Roach x4  
  32  4:22  Overlord x3  
  28  5:02  Drone x12  
  40  5:20  Extractor  
  39  5:21  Extractor  
  39  5:22  Queen  
  39  5:23  Drone  
  39  5:24  Drone x2  
  43  5:35  Drone  
  43  5:36  Drone x4  
  43  5:37  Drone  
  49  5:51  Drone x2  
  49  5:56  Drone  
  49  5:57  Drone x3  
  54  6:02  Drone  
  56  6:05  Lair  
  56  6:08  Drone  
  56  6:09  Drone  
  58  6:12  Extractor  
  57  6:23  Drone x2  
  59  6:38  Drone  
  60  6:41  Roach x8  
  60  6:46  Overlord  
  76  6:52  Hatchery  
  75  6:56  Overlord x3  
  75  7:05  Pneumatized Carapace  
  75  7:14  Ravager x4  
  79  7:17  Overlord  
  79  7:30  Drone  
  79  7:31  Drone x10  
  79  7:34  Ravager x2  
  79  7:35  Ravager  
  79  7:36  Overlord  
  93  7:54  Ravager x3  
  93  7:57  Zergling x14  
  103  8:03  Zergling x10  
  108  8:08  Queen  
  110  8:14  Roach  
  110  8:15  Roach  
  114  8:20  Hydralisk Den  
  114  8:21  Overlord, Zergling x2  
  114  8:22  Overlord  
  114  8:24  Overlord  
  114  8:26  Overlord, Extractor  
  113  8:27  Extractor  
  112  8:42  Overlord x3  
  112  8:47  Overseer  
  112  8:53  Roach  
  112  8:54  Roach x7  
  128  9:06  Muscular Augments  
  128  9:15  Drone x12  
  140  9:41  Evolution Chamber  
  140  9:42  Evolution Chamber  
  140  9:43  Hydralisk x5  
  140  9:44  Hydralisk x2  
  152  9:46  Zergling x20  
  162  9:54  Infestation Pit  
  161  10:14  Roach x4  
  169  10:15  Overlord  
  169  10:16  Overlord x3  
  169  10:17  Zerg Missile Weapons Level 1, Zerg Ground Armor Level 1  
  169  10:21  Hatchery  
  126  10:49  Roach x20  
  148  11:03  Queen  
  150  11:12  Overseer  
  150  11:19  Ravager x11  
  150  11:23  Zergling x18  
  170  11:29  Zergling x8  
  173  12:05  Roach x11  
Show
View Real Time Build Order
Export as new Build Order

Javert Zerg - Winner!

Build Orders: Pool First 

Get SALT Encoding   

  12  0:01  Drone  
  13  0:12  Drone  
  14  0:15  Extractor  
  14  0:17  Drone  
  14  0:34  Spawning Pool  
  13  0:40  Drone  
  14  0:45  Overlord  
  14  0:53  Drone, Extractor  
  15  1:05  Drone  
  15  1:06  Drone  
  17  1:22  Queen  
  19  1:29  Roach Warren  
  18  1:36  Overlord  
  18  1:52  Overlord  
  18  1:58  Burrow  
  18  2:10  Roach  
  18  2:11  Roach x2  
  24  2:26  Roach  
  26  2:34  Roach x3  
  32  2:43  Overlord  
  32  2:48  Roach  
  34  2:57  Roach  
  36  3:12  Roach x2  
  42  3:13  Roach  
  42  3:35  Hatchery  
  42  3:40  Drone x2  
  43  3:49  Roach x6  
  41  4:03  Roach x4  
  39  4:12  Drone x3  
  39  4:13  Drone x6, Roach x4  
  44  4:35  Drone x2  
  44  4:38  Roach x2  
  44  4:48  Roach, Extractor  
  44  4:49  Roach x6  
  45  5:03  Queen  
  45  5:05  Roach x2  
  49  5:16  Roach  
  49  5:18  Overlord  
  51  5:27  Drone  
  52  5:35  Overlord  
  52  5:38  Ravager x2  
  52  5:40  Drone x3  
  52  5:41  Drone  
  58  5:47  Drone x2  
  60  5:53  Ravager  
  61  5:58  Drone x5  
  66  6:08  Drone  
  66  6:09  Drone  
  68  6:14  Overlord  
  68  6:16  Lair  
  68  6:21  Overlord  
  68  6:23  Hatchery  
  67  6:26  Ravager  
  67  6:29  Overlord  
  68  6:33  Evolution Chamber x2, Drone x4  
  70  6:44  Drone  
  70  6:45  Drone x3  
  74  6:55  Drone x3  
  74  6:56  Drone x5  
  74  7:00  Queen  
  84  7:03  Extractor x2  
  84  7:08  Roach x3  
  88  7:17  Glial Reconstitution  
  88  7:23  Zergling x4  
  88  7:26  Zergling x2  
  88  7:27  Zergling x2  
  88  7:29  Overlord  
  92  7:30  Overlord  
  92  7:36  Zergling x12  
  98  7:40  Zerg Missile Weapons Level 1  
  98  7:45  Metabolic Boost, Extractor  
  98  7:46  Extractor  
  98  7:50  Drone x4  
  100  7:56  Drone x2  
  100  7:57  Hydralisk Den  
  101  8:02  Overseer  
  98  8:13  Roach x8  
  98  8:16  Lurker Den  
  114  8:23  Spine Crawler  
  114  8:24  Overlord  
  113  8:28  Overlord  
  113  8:42  Ravager  
  113  8:43  Overlord x2  
  114  8:49  Zerg Ground Armor Level 1  
  114  9:04  Roach x3  
  114  9:05  Roach x9  
  138  9:20  Overlord x2  
  138  9:35  Overlord, Zerg Missile Weapons Level 2  
  138  9:40  Overlord  
  138  9:41  Overlord x2  
  138  9:56  Roach  
  138  9:57  Roach x7  
  138  9:59  Drone  
  155  10:05  Overlord  
  155  10:07  Hatchery, Extractor  
  154  10:08  Extractor  
  154  10:13  Drone x2  
  154  10:14  Drone x5  
  123  10:49  Roach  
  117  10:50  Roach x13  
  139  11:04  Roach  
  139  11:05  Roach x5  
  151  11:11  Roach x19  
  151  11:13  Hydralisk  
  151  11:14  Hydralisk  
  151  11:17  Drone x3  
  151  11:18  Drone  
  159  11:32  Ravager  
  160  11:33  Ravager x18  
  160  11:36  Drone x2  
  160  11:39  Drone x2  
  182  11:46  Lurker  
  183  11:52  Overlord x2  
  181  12:08  Drone x2  
  183  12:09  Overlord x2  
  183  12:11  Overseer  
  183  12:12  Overseer x3  
  183  12:13  Pneumatized Carapace  
  152  12:32  Hydralisk  
  152  12:36  Roach x12  
  152  12:37  Roach  
  170  12:41  Overlord  
  170  12:57  Lurker  
  169  12:59  Overlord  
  169  13:00  Overlord  
  169  13:01  Drone x3  
  169  13:03  Zerg Ground Armor Level 2  
  170  13:30  Overlord  
  170  13:32  Drone x6  
  170  13:33  Drone x3  
  179  13:35  Spine Crawler  
  179  13:37  Spine Crawler  
  179  13:38  Overlord  
  179  13:39  Drone  
  178  13:46  Overlord  
  178  13:48  Overseer  
  177  13:54  Infestation Pit, Zerg Melee Weapons Level 1  
  176  14:03  Spore Crawler  
  176  14:05  Overlord, Spine Crawler  
  174  14:10  Spire  
  173  14:19  Spore Crawler  
  173  14:20  Spore Crawler x2  
  173  14:22  Spore Crawler  
  173  14:23  Spore Crawler  
  168  14:28  Overlord  
  168  14:29  Overlord  
Tags
 
Add a new tag
Caveats
  • Supply blocks, unpowered buildings, or Contaminate may cause inaccurate times.
  • Supply counts are checked every 10 seconds.